Map: Ruins of Seras

Players

MCanning - Winner!

  • Race: Protoss Protoss
  • League: Grandmaster

IlPrincipino

  • Race: Terran Terran
  • League: Master

VOD

http://www.twitch.tv/mcanning/v/30690643

Description

Time

  • Played on: Dec. 19, 2015, 5:30 a.m.
  • Length: 16:36
Show
View Real Time Build Order
Export as new Build Order

MCanning Protoss - Winner!

Build Orders: 1 Gate Expand 

Get SALT Encoding   

  12  0:01  Probe (Chrono Boost)  
  13  0:12  Probe (Chrono Boost)  
  14  0:19  Pylon  
  14  0:22  Probe (Chrono Boost)  
  15  0:37  Probe (Chrono Boost)  
  15  0:42  Gateway  
  16  0:47  Probe (Chrono Boost)  
  17  0:55  Assimilator  
  17  0:58  Probe (Chrono Boost)  
  18  1:08  Probe (Chrono Boost)  
  19  1:21  Nexus  
  19  1:33  Cybernetics Core  
  19  1:34  Probe (Chrono Boost)  
  20  1:43  Assimilator  
  20  1:44  Probe (Chrono Boost)  
  21  1:55  Probe (Chrono Boost), Pylon  
  22  2:05  Probe (Chrono Boost)  
  23  2:13  Adept  
  25  2:16  Mothership Core (Chrono Boost)  
  25  2:22  Warp Gate  
  27  2:35  Probe (Chrono Boost)  
  29  2:37  Probe (Chrono Boost)  
  29  2:45  Probe (Chrono Boost)  
  29  2:47  Probe (Chrono Boost)  
  31  2:56  Probe (Chrono Boost)  
  31  2:58  Probe (Chrono Boost)  
  33  3:02  Sentry  
  35  3:06  Probe (Chrono Boost)  
  35  3:10  Probe (Chrono Boost)  
  37  3:17  Probe (Chrono Boost)  
  37  3:19  Pylon  
  38  3:20  Probe (Chrono Boost)  
  39  3:27  Probe (Chrono Boost)  
  39  3:31  Probe (Chrono Boost)  
  39  3:33  Nexus  
  41  3:38  Probe (Chrono Boost)  
  43  3:41  Probe (Chrono Boost)  
  43  3:45  Twilight Council  
  44  3:48  Probe (Chrono Boost)  
  44  3:52  Probe (Chrono Boost)  
  45  3:59  Probe (Chrono Boost)  
  45  4:02  Probe (Chrono Boost)  
  47  4:07  Robotics Facility  
  47  4:09  Probe (Chrono Boost)  
  46  4:10  Gateway  
  46  4:11  Gateway, Blink (Chrono Boost)  
  46  4:15  Probe (Chrono Boost)  
  47  4:18  Pylon  
  47  4:21  Assimilator  
  47  4:25  Assimilator  
  47  4:30  Stalker  
  49  4:32  Probe  
  49  4:38  Probe, Gateway  
  50  4:40  Gateway  
  50  4:44  Probe  
  52  4:48  Pylon  
  52  4:54  Probe, Observer (Chrono Boost)  
  52  4:55  Gateway  
  52  4:57  Probe  
  54  5:04  Gateway  
  54  5:05  Probe x2  
  54  5:06  Gateway  
  56  5:09  Probe  
  56  5:13  Observer (Chrono Boost)  
  58  5:15  Stalker  
  58  5:17  Stalker  
  58  5:21  Stalker  
  64  5:32  Observer (Chrono Boost)  
  65  5:36  Pylon  
  65  5:39  Stalker x2  
  69  5:45  Probe, Pylon  
  72  5:50  Warp Prism (Chrono Boost)  
  70  5:59  Probe  
  70  6:00  Probe  
  70  6:02  Probe  
  66  6:08  Stalker  
  66  6:09  Stalker x3  
  74  6:12  Probe  
  74  6:16  Probe  
  76  6:18  Probe  
  77  6:28  Stalker x2  
  77  6:31  Probe x2  
  84  6:32  Probe  
  84  6:45  Stalker x4  
  92  6:49  Probe (Chrono Boost)  
  92  6:52  Pylon  
  93  6:59  Probe (Chrono Boost)  
  91  7:07  Stalker x2  
  93  7:11  Stalker x4  
  95  7:24  Probe (Chrono Boost)  
  95  7:28  Robotics Bay  
  95  7:29  Forge  
  96  7:33  Forge  
  96  7:37  Adept  
  96  7:38  Adept  
  88  7:52  Probe x2 (Chrono Boost), Assimilator  
  88  7:54  Stalker x2, Assimilator  
  88  7:55  Stalker x2  
  99  7:59  Probe (Chrono Boost)  
  99  8:00  Pylon  
  99  8:02  Probe (Chrono Boost)  
  99  8:04  Pylon  
  100  8:07  Protoss Ground Armor Level 1 (Chrono Boost)  
  100  8:08  Probe, Protoss Ground Weapons Level 1 (Chrono Boost)  
  100  8:09  Pylon  
  101  8:18  Disruptor (Chrono Boost)  
  101  8:19  Pylon  
  104  8:26  Stalker x4  
  111  8:31  Pylon  
  109  8:46  Disruptor (Chrono Boost)  
  109  8:48  Adept x2  
  107  8:49  Adept x3  
  107  8:50  Adept x2  
  107  8:52  Resonating Glaives  
  119  9:05  Adept  
  121  9:10  Adept x3  
  121  9:11  Adept  
  121  9:15  Disruptor  
  129  9:20  Probe  
  129  9:24  Adept x2  
  127  9:36  Probe  
  127  9:38  Adept x4  
  116  9:45  Pylon  
  116  9:46  Disruptor  
  116  9:47  Stalker x3  
  116  9:49  Pylon  
  118  9:57  Stalker x3  
  118  9:58  Stalker  
  108  10:12  Stalker  
  108  10:13  Stalker  
  110  10:18  Pylon  
  110  10:19  Nexus  
  110  10:27  Observer  
  105  10:38  Probe  
  102  10:43  Disruptor  
  102  10:46  Pylon  
  105  10:53  Stalker x3  
  105  10:54  Stalker x2  
  115  10:58  Dark Shrine  
  115  11:07  Protoss Ground Weapons Level 2 (Chrono Boost)  
  93  11:16  Stalker x3  
  87  11:33  Probe  
  87  11:36  Stalker x4  
  87  11:38  Disruptor  
  99  11:50  Assimilator  
  97  11:55  Adept x2, Assimilator  
  101  12:04  Adept  
  101  12:07  Stalker x2  
  105  12:18  Probe  
  105  12:20  Probe  
  105  12:22  Probe  
  103  12:26  Stalker x2  
  103  12:27  Stalker  
  110  12:31  Disruptor  
  113  12:39  Sentry, Dark Templar  
  113  12:40  Dark Templar  
  113  12:42  Dark Templar  
  113  12:43  Dark Templar  
  123  12:57  Protoss Ground Armor Level 2 (Chrono Boost)  
  123  13:02  Mothership Core  
  123  13:04  Nexus  
  125  13:05  Pylon  
  125  13:15  Stalker x4  
  133  13:24  Stalker  
  133  13:25  Stalker  
  137  13:30  Probe  
  136  13:36  Stalker x2  
  136  13:39  Protoss Ground Weapons Level 3 (Chrono Boost)  
  136  13:45  Probe  
  137  13:50  Probe  
  137  13:53  Pylon  
  138  14:00  Stalker x2  
  138  14:01  Stalker x2  
  146  14:09  Probe  
  147  14:13  Probe  
  147  14:14  Probe  
  149  14:24  Stalker x5  
  149  14:30  Dark Templar  
  161  14:33  Dark Templar  
  163  14:39  Probe  
  163  14:42  Probe  
  159  14:45  Warp Prism (Chrono Boost)  
  159  14:50  Probe  
  162  14:54  Stalker x4  
  162  14:59  Assimilator  
  170  15:01  Assimilator  
  170  15:07  Probe  
  144  15:16  Adept  
  144  15:17  Adept x6  
  149  15:23  Disruptor (Chrono Boost)  
  149  15:28  Probe  
  152  15:35  Probe  
  152  15:45  Stalker  
  152  15:46  Stalker x2  
  152  15:48  Zealot  
  160  15:54  Disruptor (Chrono Boost)  
  160  15:56  Stalker x2  
  165  16:03  Probe  
  161  16:05  Probe  
  161  16:07  Adept x2  
  158  16:12  Adept x4  
  164  16:21  Probe  
  157  16:30  Adept  
  157  16:31  Adept x3  
Show
View Real Time Build Order
Export as new Build Order

IlPrincipino Terran 

Build Orders: Reaper Expand, MMM Bio 

Get SALT Encoding   

  12  0:01  SCV  
  13  0:13  SCV  
  14  0:18  Supply Depot  
  14  0:25  SCV  
  15  0:40  SCV  
  15  0:41  Barracks  
  16  0:48  Refinery  
  16  0:52  SCV  
  18  1:04  SCV  
  18  1:16  SCV  
  19  1:29  Orbital Command  
  19  1:31  Reaper  
  20  1:45  Command Center  
  20  1:54  Supply Depot  
  20  1:57  SCV  
  21  2:09  Barracks Reactor  
  21  2:11  SCV  
  22  2:23  SCV  
  22  2:27  Factory  
  23  2:30  Refinery  
  23  2:35  SCV  
  24  2:39  Engineering Bay  
  23  2:47  SCV  
  23  2:48  Marine x2  
  26  2:57  Orbital Command  
  26  2:59  SCV  
  27  3:12  Widow Mine  
  27  3:13  Marine x2  
  27  3:14  Starport  
  27  3:16  SCV  
  32  3:25  SCV  
  33  3:28  SCV  
  33  3:31  Marine x2  
  36  3:41  SCV  
  36  3:47  Missile Turret, Widow Mine  
  39  3:50  Marine  
  39  3:51  Marine  
  41  4:00  Medivac  
  42  4:11  SCV x2  
  44  4:19  Factory Tech Lab  
  44  4:22  Marine x2  
  46  4:24  Barracks  
  46  4:25  Barracks  
  46  4:42  Starport Tech Lab  
  46  4:43  Supply Depot, SCV x2  
  46  4:45  Marine x2  
  49  4:51  Factory Reactor  
  50  4:55  SCV x2  
  52  5:07  SCV x2, Marine x2  
  52  5:10  Terran Infantry Weapons Level 1  
  52  5:11  Barracks x2  
  56  5:19  SCV  
  57  5:23  SCV  
  58  5:28  Missile Turret  
  58  5:30  Refinery  
  58  5:31  SCV, Stimpack  
  59  5:36  Marauder, Marine  
  59  5:41  Factory Tech Lab  
  62  5:42  Supply Depot  
  62  5:44  Combat Shields, SCV, Marine  
  64  6:01  Barracks Reactor  
  64  6:02  Barracks Tech Lab  
  62  6:08  Supply Depot, Medivac x2  
  62  6:09  Marine x2  
  62  6:10  Marauder x2  
  70  6:11  SCV  
  70  6:13  SCV  
  70  6:16  Refinery  
  71  6:27  Marine x2  
  71  6:29  Siege Tank, Marine  
  71  6:31  Marauder, Marine  
  77  6:35  Concussive Shells  
  77  6:37  Marine  
  78  6:40  SCV  
  78  6:44  SCV  
  78  6:45  Marine x2  
  82  6:47  Marauder  
  82  6:49  Marauder  
  82  6:52  SCV, Supply Depot  
  86  6:55  Marine  
  86  7:08  Siege Tank  
  86  7:13  SCV, Marine  
  86  7:14  Marauder x2  
  94  7:16  Supply Depot  
  94  7:19  Marine  
  94  7:38  Marauder x3, Marine x2  
  94  7:41  Marine x2  
  97  7:51  Starport  
  93  7:54  Siege Tank  
  93  7:56  Marine x2  
  98  7:59  Terran Infantry Armor Level 1  
  98  8:00  Marauder x2  
  98  8:02  Supply Depot  
  102  8:12  Supply Depot  
  102  8:14  SCV  
  102  8:17  Liberator  
  102  8:23  SCV  
  102  8:24  Marauder  
  102  8:26  Marauder x2, Marine x2  
  110  8:31  Liberator  
  110  8:34  Marine x2  
  110  8:41  Supply Depot  
  113  8:46  Marauder  
  118  9:02  Marine x3  
  119  9:03  Marauder  
  119  9:06  Marine x2  
  125  9:20  Marauder  
  125  9:23  Marine, Liberator x2  
  126  9:26  Marine  
  126  9:30  Marauder  
  125  9:32  Marauder  
  106  9:40  Marine x3  
  106  9:41  Marauder  
  106  9:44  Marine  
  118  9:51  Marauder  
  119  9:54  Marauder  
  119  9:58  Marine  
  119  9:59  Marine x2  
  121  10:02  Marauder, Marine  
  124  10:13  Marauder  
  126  10:30  Siege Tank  
  126  10:33  Marauder  
  109  10:41  Medivac x2  
  104  10:53  Marauder, Marine x3  
  104  10:54  Marauder x2  
  113  11:00  Command Center, Armory  
  82  11:17  Marine x2, Medivac x2  
  82  11:18  Marauder x2  
  88  11:21  Marine x2  
  90  11:32  Siege Tank  
  93  11:42  Marauder x3, Marine x3  
  102  11:58  Medivac x2  
  102  11:59  Supply Depot, Marine  
  107  12:04  Marauder  
  109  12:12  Liberator x2  
  93  12:28  Marine  
  93  12:29  Marauder x2, Marine  
  101  12:30  Marauder, Marine x2  
  102  12:46  Terran Infantry Weapons Level 2, Marine  
  102  12:48  Marine x2  
  102  12:50  Marauder x2  
  109  12:55  Liberator x2  
  109  13:00  Orbital Command  
  115  13:13  Marauder  
  115  13:18  Missile Turret  
  115  13:19  Marine x2  
  119  13:20  Marine  
  120  13:31  Marine  
  120  13:32  Marauder, Marine  
  120  13:34  Marine  
  116  13:37  Marine x2  
  116  13:49  Marine x2  
  116  13:50  Marauder  
  116  13:52  Marauder  
  116  13:53  Marine  
  123  14:03  Liberator x2  
  104  14:20  Marine x3  
  104  14:21  Marauder x3, Marine  
  120  14:32  Siege Tank  
  120  14:38  Marine  
  123  14:42  Marauder x2  
  118  14:52  Marine  
  118  14:53  Marauder, Marine x2  
  118  14:56  Marine  
  124  15:03  Marauder  
  124  15:04  Marauder  
  95  15:16  Marine x3  
  95  15:17  Marauder, Marine  
  82  15:25  Marauder x2  
  83  15:29  Liberator  
  83  15:30  Liberator  
  83  15:34  Marine x4  
  87  15:38  Marauder  
  89  15:46  Marauder  
  82  16:11  Marine x3  
  82  16:12  Marauder x3, Marine  
Tags
 
Add a new tag
Caveats
  • Supply blocks, unpowered buildings, or Contaminate may cause inaccurate times.
  • Supply counts are checked every 10 seconds.